 Dungeon Sprint DCSS version 0.22.1-2-g9c5b331383 (webtiles) character file.

70914 Groucho the Hoplite (level 14, -5/140 HPs)
             Began as a Minotaur Fighter on Nov 15, 2018.
             Was a High Priest of Cheibriados.
             Killed from afar by Margery (50 damage)
             ... with a bolt of fire
             ... in the Dungeon (Sprint IX: "|||||||||||||||||||||||||||||").
             The game lasted 00:14:12 (5854 turns).

Groucho the Hoplite (Minotaur Fighter)              Turns: 5854, Time: 00:14:13

Health: -5/140     AC: 25    Str: 35    XL:     14   Next: 95%
Magic:  1/25       EV: 30    Int: 18    God:    Cheibriados [*****.]
Gold:   1486       SH: 19    Dex: 27    Spells: 13/13 levels left

rFire    . . .     SeeInvis .   p - +3 war axe (venom)
rCold    . . .     Gourm    .   c - +0 shield
rNeg     . . .     Faith    .   D - +2 plate armour
rPois    +         Spirit   .   y - +0 hat
rElec    .         Reflect  .   x - +0 cloak
rCorr    .         Harm     .   r - +0 pair of gloves
MR       +....     NoTele   +   (no boots)
Stlth    ..........             (no amulet)
HPRegen  0.33/turn              C - ring of poison resistance
MPRegen  0.19/turn              t - +2 ring of evasion

@: very slow
A: retaliatory headbutt, horns 2
a: Bend Time, Temporal Distortion, Slouch, Step From Time, Renounce Religion


You were in the Dungeon.
You worshipped Cheibriados.
Cheibriados was extremely pleased with you.
You were not hungry.

You visited 1 branch You collected 1921 gold pieces.
You spent 435 gold pieces at shops.

Inventory:

Hand Weapons
 p - a +3 war axe of venom (weapon)
 q - a +2 morningstar of protection
Missiles
 F - 19 javelins (quivered)
Armour
 c - a +0 shield (worn)
 r - a +0 pair of gloves (worn)
 x - a +0 cloak (worn)
 y - a +0 hat (worn)
 D - a +2 plate armour (worn)
Jewellery
 b - a +3 ring of intelligence
 t - a +2 ring of evasion (right hand)
 A - an uncursed ring of protection from cold
 B - an uncursed ring of protection from fire
 C - a ring of poison resistance (left hand)
Wands
 o - a wand of acid (10)
Scrolls
 k - 2 scrolls of blinking
 m - 5 scrolls of remove curse
 n - 2 scrolls of amnesia
 v - 10 scrolls of enchant armour
 z - 5 scrolls of enchant weapon
Potions
 a - a potion of degeneration
 d - 2 potions of might
 e - 3 potions of curing
 g - 4 potions of heal wounds
 h - a potion of haste
 i - 3 potions of magic
 j - 2 potions of berserk rage
 l - a potion of invisibility
 s - a potion of agility
 u - a potion of brilliance
 E - 2 potions of resistance
Comestibles
 f - 9 rations


   Skills:
 + Level 17.0 Fighting
 + Level 16.8 Axes
 * Level 10.1 Throwing
 + Level 20.7 Armour
 * Level 20.1 Dodging
 * Level 21.8 Shields
 + Level 17.2 Invocations


You had 13 spell levels left.
You didn't know any spells.
Your spell library was empty.

Dungeon Overview and Level Annotations

Branches:
Dungeon (1/1)

Altars:
Cheibriados
Dithmenos
Elyvilon
Fedhas
Gozag
Hepliaklqana
Kikubaaqudgha
Makhleb
Nemelex Xobeh
Okawaru
Qazlal
Ru
Sif Muna
Trog
Uskayaw
Vehumet
Wu Jian
Xom
Yredelemnul
Zin
The Shining One
Beogh
Jiyva
Lugonu

Shops:
D *([}

Annotations:
D Margery


Innate Abilities, Weirdness & Mutations

You reflexively headbutt those who attack you in melee.
You have a pair of horns on your head.


Message History

You feel much better.
A necromancer comes into view. It is wielding a dagger.
You closely miss Margery. You headbutt Margery!
Margery is severely wounded.
Margery completely misses you. You furiously retaliate!
You headbutt Margery!
Unknown command.
Unknown command.
You completely miss Margery.
Margery is severely wounded.
Unknown command.
You hit Margery.
Margery is severely wounded.
Margery gestures at you while chanting. The bolt of fire hits you!
Unknown command.
You hit Margery. Your headbutt misses Margery.
Margery is severely wounded.
Margery gestures at you while chanting. The bolt of fire hits you!
You die...

.▓.▓.▓.▓.▓.▓.▓.▓.▓
.▓.▓.▓.▓.▓.▓.▓.▓.▓
.▓.▓.▓.▓.▓.▓.▓.▓.▓
.▓.▓.▓.▓.▓.▓.▓.▓.▓
.▓.▓.▓.▓.▓.▓.▓.▓.▓
.▓.▓.▓.▓.▓.▓.▓.▓.▓
.▓'▓.▓'▓.▓.▓.▓'▓.▓
.▓.▓.▓.▓.▓.▓.▓.▓.▓
.▓.▓.▓.▓.▓.▓.▓.▓@▓
.▓.▓.▓.▓.▓'▓.▓.▓@▓
.▓.▓.▓.▓.▓.▓.▓.▓p▓
.▓)▓.▓.▓.▓(▓.▓.▓.▓
.▓∩▓.▓.▓.▓)▓.▓.▓p▓
.▓.▓.▓)▓.▓)▓.▓.▓.▓
.▓∩▓.▓.▓.▓)▓.▓.▓p▓
.▓.▓.▓.▓.▓.▓)▓.▓.▓
.▓∩▓.▓.▓.▓)▓.▓.▓


You could see Margery, 2 hell knights and a necromancer.

Vanquished Creatures
  Rupert (D)
  A lich (D)
  Agnes (D)
  Gastronok (D)
  A storm dragon (D)
  A tengu reaver (D)
  A nagaraja (D)
  A frost giant (D)
  A vault warden (D)
  An iron dragon (D)
  3 stone giants (D)
  3 ironheart preservers (D)
  An entropy weaver (D)
  A spark wasp (D)
  A merfolk javelineer (D)
  An ettin (D)
  2 fire dragons (D)
  2 merfolk impalers (D)
  A yaktaur captain (D)
  2 ice dragons (D)
  A rakshasa (D)
  2 hydras (D)
  An alligator snapping turtle (D)
  A centaur warrior (D)
  6 ogre magi (D)
  A vampire mage (D)
  A tengu warrior (D)
  2 orc high priests (D)
  A deep troll earth mage (D)
  A shock serpent (D)
  A spriggan berserker (D)
  A naga sharpshooter (D)
  A salamander mystic (D)
  3 hell knights (D)
  A skeletal warrior (D)
  An unseen horror (D)
  A wizard (D)
  3 lindwurms (D)
  A spriggan druid (D)
  2 ironbrand convokers (D)
  4 orc knights (D)
  4 wolf spiders (D)
  2 ugly things (D)
  An oklob plant (D)
  2 orb spiders (D)
  2 manticores (D)
  A guardian serpent (D)
  4 black mambas (D)
  A merfolk siren (D)
  Psyche (D)
  A naga mage (D)
  A water nymph (D)
  2 vault sentinels (D)
  A freezing wraith (D)
  4 spiny frogs (D)
  A yaktaur (D)
  A rime drake (D)
  A tengu conjurer (D)
  2 komodo dragons (D)
  A komodo dragon (shapeshifter) (D)
  9 trolls (D)
  A polar bear (D)
  A merfolk (D)
  4 tyrant leeches (D)
  5 hornets (D)
  A jumping spider (D)
  2 blink frogs (D)
  A hippogriff (D)
  A snapping turtle (D)
  2 slime creatures (D)
  A redback (D)
  A wraith (D)
  A spriggan (D)
  A tarantella (D)
  A shadow (D)
  A yak (shapeshifter) (D)
  A yak (D)
  A steam dragon (D)
  A basilisk (D)
  5 water moccasins (D)
  3 porcupines (D)
  A necrophage (D)
  2 ogres (D)
  14 orc warriors (D)
  A centaur (D)
  2 bullfrogs (D)
  2 orc priests (D)
  A shadow imp (D)
  2 worms (D)
  A dart slug (D)
  A leopard gecko (D)
  10 orcs (D)
  A bat (D)
  A hobgoblin (D)
  A jackal zombie (D)
  2 kobolds (D)
182 creatures vanquished.

Vanquished Creatures (others)
  A fire giant (D)
1 creature vanquished.

Grand Total: 183 creatures vanquished

Notes
Turn   | Place    | Note
-------+----------+-------------------------------------------
     0 | D        | Groucho the Minotaur Fighter began the quest for the Orb.
     0 | D        | Reached XP level 1. HP: 19/19 MP: 0/0
     6 | D        | Reached skill level 1 in Dodging
     7 | D        | Reached skill level 4 in Shields
    17 | D        | Noticed an ogre
    17 | D        | Noticed a necrophage
    20 | D        | Killed a necrophage
    20 | D        | Reached skill level 5 in Fighting
    20 | D        | Reached skill level 5 in Axes
    20 | D        | Reached skill level 5 in Armour
    20 | D        | Reached skill level 5 in Shields
    20 | D        | Reached XP level 2. HP: 25/30 MP: 1/1
    20 | D        | Reached XP level 3. HP: 31/37 MP: 2/2
    20 | D        | Reached XP level 4. HP: 37/44 MP: 3/3
    23 | D        | Reached skill level 6 in Shields
    25 | D        | Killed an ogre
    25 | D        | Reached skill level 5 in Dodging
    25 | D        | Reached skill level 7 in Shields
    25 | D        | Reached XP level 5. HP: 45/51 MP: 4/4
    36 | D        | Found a roughly hewn altar of Beogh.
    36 | D        | Found a snail-covered altar of Cheibriados.
    36 | D        | Found a shadowy altar of Dithmenos.
    36 | D        | Found a white marble altar of Elyvilon.
    36 | D        | Found a blossoming altar of Fedhas.
    36 | D        | Found an opulent altar of Gozag.
    37 | D        | Found a hazy altar of Hepliaklqana.
    38 | D        | Found a viscous altar of Jiyva.
    39 | D        | Found an ancient bone altar of Kikubaaqudgha.
    40 | D        | Became a worshipper of Cheibriados the Contemplative
    41 | D        | Found a corrupted altar of Lugonu.
    42 | D        | Found a burning altar of Makhleb.
    43 | D        | Found a sparkling altar of Nemelex Xobeh.
    44 | D        | Found an iron altar of Okawaru.
    45 | D        | Found a stormy altar of Qazlal.
    46 | D        | Found a sacrificial altar of Ru.
    47 | D        | Found a deep blue altar of Sif Muna.
    48 | D        | Found a bloodstained altar of Trog.
    49 | D        | Found a hide-covered altar of Uskayaw.
    50 | D        | Found a radiant altar of Vehumet.
    51 | D        | Found an ornate altar of the Wu Jian Council.
    52 | D        | Found a shimmering altar of Xom.
    53 | D        | Found a basalt altar of Yredelemnul.
    54 | D        | Found a glowing silver altar of Zin.
    55 | D        | Found a glowing golden altar of the Shining One.
   102 | D        | Noticed a hippogriff
   102 | D        | Noticed a steam dragon
   102 | D        | Noticed a centaur
   105 | D        | Reached * piety under Cheibriados
   105 | D        | Reached skill level 1 in Invocations
   108 | D        | Killed a centaur
   108 | D        | Reached skill level 8 in Shields
   108 | D        | Reached XP level 6. HP: 58/60 MP: 4/7
   110 | D        | Killed a steam dragon
   110 | D        | Reached ** piety under Cheibriados
   113 | D        | Killed a hippogriff
   113 | D        | Reached skill level 9 in Shields
   113 | D        | Reached XP level 7. HP: 50/68 MP: 4/9
   200 | D        | Noticed a centaur warrior
   200 | D        | Noticed a troll
   200 | D        | Noticed a cyan ugly thing
   200 | D        | Noticed a wraith
   204 | D        | Killed a wraith
   204 | D        | Reached skill level 5 in Invocations
   205 | D        | Reached *** piety under Cheibriados
   214 | D        | Killed a cyan ugly thing
   214 | D        | Reached skill level 10 in Armour
   214 | D        | Reached skill level 10 in Shields
   214 | D        | Reached XP level 8. HP: 46/77 MP: 11/11
   225 | D        | Killed a troll
   225 | D        | Reached **** piety under Cheibriados
   229 | D        | Killed a centaur warrior
   229 | D        | Reached skill level 10 in Dodging
   229 | D        | Reached skill level 11 in Shields
   229 | D        | Reached XP level 9. HP: 29/85 MP: 11/13
   742 | D        | Noticed a spiny frog
   742 | D        | Noticed a spiny frog
   744 | D        | Reached ***** piety under Cheibriados
   747 | D        | Killed a spiny frog
   750 | D        | Reached skill level 10 in Fighting
   750 | D        | Reached skill level 12 in Shields
   757 | D        | Killed a spiny frog
   760 | D        | Reached ****** piety under Cheibriados
   761 | D        | Noticed a komodo dragon
   761 | D        | Noticed a spiny frog
   765 | D        | Killed a komodo dragon
   765 | D        | Reached skill level 10 in Axes
   768 | D        | Killed a spiny frog
  1091 | D        | Noticed a rime drake
  1091 | D        | Noticed an oklob plant
  1102 | D        | Reached XP level 10. HP: 94/94 MP: 15/15
  1111 | D        | Noticed a black mamba
  1119 | D        | Killed an oklob plant
  1119 | D        | Reached skill level 13 in Shields
  1129 | D        | Killed a black mamba
  1129 | D        | Reached skill level 10 in Invocations
  1421 | D        | Noticed a lindwurm
  1421 | D        | Noticed a lindwurm
  1427 | D        | Noticed a lindwurm
  1437 | D        | Killed a lindwurm
  1448 | D        | Killed a lindwurm
  1448 | D        | Reached skill level 14 in Shields
  1456 | D        | Killed a lindwurm
  1912 | D        | Noticed Gastronok
  1923 | D        | Killed Gastronok
  1923 | D        | Reached XP level 11. HP: 104/104 MP: 18/18
  2214 | D        | Noticed an orc high priest
  2214 | D        | Noticed an orc high priest
  2221 | D        | Killed an orc high priest
  2221 | D        | Reached skill level 15 in Shields
  2223 | D        | Reached skill level 15 in Armour
  2231 | D        | Killed an orc high priest
  2471 | D        | Found Iduxari's Gadget Boutique.
  2471 | D        | Noticed an ogre mage
  2473 | D        | Noticed an ogre mage
  2475 | D        | Noticed an ogre mage
  2481 | D        | Noticed an ogre mage
  2490 | D        | Killed an ogre mage
  2496 | D        | Killed an ogre mage
  2503 | D        | Killed an ogre mage
  2504 | D        | Found Etepn's Armour Shop.
  2510 | D        | Killed an ogre mage
  2510 | D        | Reached skill level 16 in Shields
  2515 | D        | Found Nompoelo's Weapon Boutique.
  2519 | D        | Found Xekhlam's General Store.
  2523 | D        | Noticed an ogre mage
  2529 | D        | Reached XP level 12. HP: 81/113 MP: 8/20
  2538 | D        | Killed an ogre mage
  2571 | D        | Bought a potion of degeneration for 13 gold pieces
  2571 | D        | Bought a scroll of enchant weapon for 97 gold pieces
  2571 | D        | Bought an uncursed ring of protection from cold for 325
                  | gold pieces
  2806 | D        | Noticed Psyche
  2810 | D        | Killed Psyche
  2914 | D        | Reached skill level 15 in Dodging
  2931 | D        | Noticed an ice dragon
  2932 | D        | Noticed an ice dragon
  2932 | D        | Noticed a stone giant
  2932 | D        | Noticed a spark wasp
  2934 | D        | Noticed a lich
  2954 | D        | Noticed a rakshasa
  2961 | D        | Killed an ice dragon
  2971 | D        | Killed a spark wasp
  2971 | D        | Reached skill level 17 in Shields
  2972 | D        | Killed a lich
  2973 | D        | Killed a rakshasa
  2974 | D        | Killed an ice dragon
  2979 | D        | Killed a stone giant
  3574 | D        | Noticed Rupert
  3595 | D        | Killed Rupert
  3595 | D        | Reached skill level 18 in Shields
  3595 | D        | Reached XP level 13. HP: 121/124 MP: 22/22
  3750 | D        | Reached skill level 15 in Invocations
  3998 | D        | Noticed a nagaraja
  4007 | D        | Killed a nagaraja
  4023 | D        | Reached skill level 19 in Shields
  4463 | D        | Noticed a merfolk impaler
  4463 | D        | Noticed a merfolk impaler
  4464 | D        | Noticed a merfolk javelineer
  4467 | D        | Reached skill level 15 in Fighting
  4505 | D        | Killed a merfolk javelineer
  4517 | D        | Killed a merfolk impaler
  4517 | D        | Reached skill level 15 in Axes
  4522 | D        | Killed a merfolk impaler
  4953 | D        | Noticed Agnes
  4961 | D        | Killed Agnes
  5114 | D        | Noticed an iron dragon
  5114 | D        | Noticed a tengu reaver
  5114 | D        | Noticed a frost giant
  5120 | D        | Noticed a storm dragon
  5121 | D        | Killed a frost giant
  5121 | D        | Reached XP level 14. HP: 114/135 MP: 25/25
  5135 | D        | Killed a tengu reaver
  5135 | D        | Reached skill level 20 in Shields
  5146 | D        | Killed an iron dragon
  5147 | D        | Noticed a stone giant
  5159 | D        | Killed a storm dragon
  5159 | D        | Reached skill level 5 in Throwing
  5173 | D        | Killed a stone giant
  5184 | D        | Noticed a stone giant
  5197 | D        | Killed a stone giant
  5566 | D        | Noticed an entropy weaver
  5566 | D        | Noticed an ironheart preserver
  5572 | D        | Killed an ironheart preserver
  5578 | D        | Noticed an ironheart preserver
  5581 | D        | Killed an entropy weaver
  5581 | D        | Reached skill level 21 in Shields
  5583 | D        | Noticed an ironheart preserver
  5589 | D        | Killed an ironheart preserver
  5592 | D        | Noticed a fire giant
  5597 | D        | Killed an ironheart preserver
  5599 | D        | Noticed a vault warden
  5603 | D        | Killed a fire giant
  5613 | D        | Killed a vault warden
  5842 | D        | Noticed Margery
  5848 | D        | Reached skill level 10 in Throwing
  5854 | D        | Killed from afar by Margery

Skill      XL: |  1  2  3  4  5  6  7  8  9 10 11 12 13 14 |
---------------+-------------------------------------------+-----
Dodging        | 4 5 6 7 8 10 11 13 14 16 18 20 | 20.1
Fighting       | 5 6 7 8 9 10 11 12 14 15 17 | 17.0
Armour         | 5 6 8 9 10 11 12 14 16 18 19 20 | 20.7
Shields        | 5 7 8 9 10 11 12 14 16 18 19 21 | 21.8
Axes           | 5 6 7 8 9 10 11 12 13 15 16 | 16.8
Invocations    | 2 4 6 7 9 11 12 14 16 17 | 17.2
Throwing       | 2 10 | 10.1

Action                   |  1- 3 |  4- 6 |  7- 9 | 10-12 | 13-15 || total
-------------------------+-------+-------+-------+-------+-------++-------
Melee: War axe           |    10 |    19 |    60 |   235 |   265 ||   589
       Headbutt          |     3 |     7 |    19 |   100 |   116 ||   245
Throw: Stone             |       |       |       |     1 |       ||     1
Invok: Slouch            |       |       |       |     9 |    20 ||    29
  Use: Potion            |       |       |     1 |     4 |     4 ||     9
  Eat: Ration            |       |       |       |     1 |     1 ||     2
       Chunk             |       |       |       |       |     3 ||     3
Armor: Scale mail        |     1 |     3 |    14 |    16 |       ||    34
       Plate armour      |       |       |       |    16 |    36 ||    52
Dodge: Dodged            |     5 |    12 |    25 |   122 |   168 ||   332
Block: Shield            |     4 |     9 |    43 |   154 |   201 ||   411
